Selects Airborne Battlegroup
Selects Heavy Machine Gun Paradrop
Heavy Machine Gun Paradrop
Construct Weapon Support Center
Heavy Machine Gun Paradrop
Selects Paratrooper Squad Paradrop
Paratrooper Squad Paradrop
Mechanized Support Center
Paratrooper Squad Paradrop
Selects Anti-tank Gun Team Paradrop
Designate Forward Repair Station
M4A1(76) Sherman Medium Tank
Paratrooper Squad Paradrop
Designate Forward Repair Station
Selects Carpet Bombing Run
M4A1(76) Sherman Medium Tank
Designate Forward Repair Station
Anti-tank Gun Team Paradrop
M4A1(76) Sherman Medium Tank
Designate Forward Repair Station
Paratrooper Squad Paradrop
M18 Hellcat Tank Destroyer
Heavy Machine Gun Paradrop
M18 Hellcat Tank Destroyer
Paratrooper Squad Paradrop
Designate Forward Repair Station
Heavy Machine Gun Paradrop
M18 Hellcat Tank Destroyer
Heavy Machine Gun Paradrop
Heavy Machine Gun Paradrop
Designate Forward Repair Station
Heavy Machine Gun Paradrop